SAA
LONG ISLAND SEAWOLVES @ BETHESDA ATOMS
05/26/2033
 
TOP OF THE 1ST
Long Island Seawolves batting - Pitching for Bethesda Atoms : LHP Luqman Barcoo
Pitching: LHP Luqman Barcoo
Batting: RHB Júlio Flores 0-0: Ball
1-0: Ball
2-0: Ball
3-0: Base on Balls
Batting: RHB Alfredo Escalante 0-0: Ball
1-0: Fielders Choice at 2nd, 1-6 (Groundball, 13S)
Batting: LHB Divine Diablo 0-0: Fly out, F7 (Flyball, 7S)
Batting: RHB Dan Chrzan 0-0: Ball
Alfredo Escalante is caught stealing 2nd base
Top of the 1st over - 0 runs, 0 hits, 0 errors, 0 left on base; Long Island 0 - Bethesda 0
BOTTOM OF THE 1ST
Bethesda Atoms batting - Pitching for Long Island Seawolves : RHP Floyd Cala
Pitching: RHP Floyd Cala
Batting: LHB Jorge Ortíz 0-0: Ground out 6-3 (Groundball, 6MS)
Batting: LHB Ignacio Martínez 0-0: Fly out, F9 (Flyball, 9S)
Batting: LHB Arana Sashi 0-0: Called Strike
0-1: Called Strike
0-2: Strikes out swinging
Bottom of the 1st over - 0 runs, 0 hits, 0 errors, 0 left on base; Long Island 0 - Bethesda 0
TOP OF THE 2ND
Long Island Seawolves batting - Pitching for Bethesda Atoms : LHP Luqman Barcoo
Batting: RHB Dan Chrzan 0-0: Called Strike
0-1: Ball
1-1: Swinging Strike
1-2: Strikes out swinging
Batting: SHB Alfredo Sánchez 0-0: Fly out, F9 (Flyball, 9S)
Batting: RHB Bill Rinck 0-0: Fly out, F6 (Line Drive, 6)
Top of the 2nd over - 0 runs, 0 hits, 0 errors, 0 left on base; Long Island 0 - Bethesda 0
BOTTOM OF THE 2ND
Bethesda Atoms batting - Pitching for Long Island Seawolves : RHP Floyd Cala
Batting: LHB Gong Mao 0-0: Ball
1-0: Foul Ball, location: 2F
1-1: Ball
2-1: Ball
3-1: Base on Balls
Batting: RHB José Leyva 0-0: Ball
1-0: Ball
2-0: SINGLE (Groundball, 56D)
Gong Mao to second
Batting: RHB Renato Zuvic 0-0: Ball
1-0: Ball
2-0: Called Strike
2-1: Ball
3-1: Base on Balls
Gong Mao to third
José Leyva to second
Pitching: RHP Winston Wenham
Batting: SHB Pedro Ortega 0-0: Ball
1-0: Ball
2-0: Fly out, F7 (Flyball, 7S)
Batting: RHB Raúl Francisco 0-0: Ball
1-0: Called Strike
1-1: GRAND SLAM HOME RUN (Flyball, 7D), Distance : 376 ft
Batting: RHB Tomás Gonzáles 0-0: Called Strike
0-1: Ball
1-1: Foul Ball, location: 2F
1-2: Ground out 4-3 (Groundball, 4)
Batting: LHB Jorge Ortíz 0-0: Ball
1-0: Ball
2-0: Ball
3-0: Called Strike
3-1: Base on Balls
Batting: LHB Ignacio Martínez 0-0: Called Strike
0-1: Ground out 4-3 (Groundball, 4)
Bottom of the 2nd over - 4 runs, 2 hits, 0 errors, 1 left on base; Long Island 0 - Bethesda 4
TOP OF THE 3RD
Long Island Seawolves batting - Pitching for Bethesda Atoms : LHP Luqman Barcoo
Batting: LHB Jackson Curry 0-0: Ball
1-0: Swinging Strike
1-1: Foul Ball, location: 2F
1-2: Strikes out swinging, 2-3 out at first.
Batting: RHB Louis Teague 0-0: Ball
1-0: Ball
2-0: SOLO HOME RUN (Flyball, 7D), Distance : 358 ft
Batting: RHB Armaan Ebrahim 0-0: Ball
1-0: Swinging Strike
1-1: Called Strike
1-2: Ball
2-2: Strikes out looking
Batting: RHB Júlio Flores 0-0: Fly out, F9 (Flyball, 9LSF)
Top of the 3rd over - 1 run, 1 hit, 0 errors, 0 left on base; Long Island 1 - Bethesda 4
BOTTOM OF THE 3RD
Bethesda Atoms batting - Pitching for Long Island Seawolves : RHP Winston Wenham
Batting: LHB Arana Sashi 0-0: Ball
1-0: Called Strike
1-1: Ball
2-1: Foul Ball, location: 2F
2-2: Ball
3-2: SINGLE (Groundball, 34D)
Batting: LHB Gong Mao 0-0: Ball
Wild Pitch!
Arana Sashi to second
1-0: Called Strike
1-1: Ball
2-1: SINGLE (Groundball, 4D)
Arana Sashi to third
Runner from 3rd tries for Home, SAFE, throw made home
Gong Mao to second
Batting: RHB José Leyva 0-0: Fly out, F7 (Flyball, 78S)
Batting: RHB Renato Zuvic 0-0: Called Strike
0-1: Ball
1-1: Called Strike
1-2: Ball
Passed Ball!
Gong Mao to third
2-2: Foul Ball, location: 2F
2-2: Ball
3-2: Base on Balls
Batting: SHB Pedro Ortega 0-0: Ball
1-0: Ball
Wild Pitch!
Gong Mao scores
Renato Zuvic to second
2-0: Foul Ball, location: 2F
2-1: Called Strike
2-2: Ball
3-2: DOUBLE (Line Drive, 89XD)
Renato Zuvic scores
Pitching: RHP Fernando Júlio
Batting: RHB Raúl Francisco 0-0: SINGLE (Groundball, 56S) (infield hit)
Pedro Ortega to third
Batting: RHB Tomás Gonzáles 0-0: Fielders Choice at 2nd, 6-4 (Groundball, 6)
Pedro Ortega scores
Batting: LHB Jorge Ortíz 0-0: Called Strike
0-1: Ball
1-1: Ball
2-1: Called Strike
2-2: Ball
3-2: Ground out U3 (Groundball, 3S)
Bottom of the 3rd over - 4 runs, 4 hits, 0 errors, 1 left on base; Long Island 1 - Bethesda 8
TOP OF THE 4TH
Long Island Seawolves batting - Pitching for Bethesda Atoms : LHP Luqman Barcoo
Batting: RHB Alfredo Escalante 0-0: Ball
1-0: Foul Ball, location: 2F
1-1: Ground out 6-3 (Groundball, 6)
Batting: LHB Divine Diablo 0-0: Ball
1-0: Called Strike
1-1: Called Strike
1-2: Strikes out swinging
Batting: RHB Dan Chrzan 0-0: Foul Ball, location: 2F
0-1: Foul Ball, location: 2F
0-2: Ball
1-2: Ball
2-2: Fly out, F6 (Line Drive, 6)
Top of the 4th over - 0 runs, 0 hits, 0 errors, 0 left on base; Long Island 1 - Bethesda 8
BOTTOM OF THE 4TH
Bethesda Atoms batting - Pitching for Long Island Seawolves : RHP Fernando Júlio
Batting: LHB Ignacio Martínez 0-0: Called Strike
0-1: Fly out, F7 (Flyball, 7S)
Batting: LHB Arana Sashi 0-0: Ball
1-0: Foul Ball, location: 2F
1-1: Foul Ball, location: 2F
1-2: Ball
2-2: Ball
3-2: Base on Balls
Batting: LHB Gong Mao 0-0: Called Strike
0-1: Foul Ball, location: 2F
0-2: Fly out, F4 (Line Drive, 4)
Batting: RHB José Leyva 0-0: Ground out 5-3 (Groundball, 5S)
Bottom of the 4th over - 0 runs, 0 hits, 0 errors, 1 left on base; Long Island 1 - Bethesda 8
TOP OF THE 5TH
Long Island Seawolves batting - Pitching for Bethesda Atoms : LHP Luqman Barcoo
Batting: SHB Alfredo Sánchez 0-0: Called Strike
0-1: Ball
1-1: Ground out 6-3 (Groundball, 6M)
Batting: RHB Bill Rinck 0-0: SINGLE (Groundball, 34D)
Batting: LHB Jackson Curry 0-0: Ball
1-0: Foul Ball, location: 2F
1-1: Ball
2-1: Foul Ball, location: 2F
2-2: DOUBLE (Line Drive, 89M)
Bill Rinck to third
Runner from 3rd tries for Home, SAFE, no throw
Batting: RHB Louis Teague 0-0: Called Strike
0-1: Fly out, F5 (Flyball, 5D)
Batting: RHB Armaan Ebrahim 0-0: Ball
1-0: Reached on error, E5 (Groundball, 56S)
Jackson Curry to third
Batting: RHB Júlio Flores 0-0: Foul Ball, location: 2F
0-1: Ball
1-1: Ball
2-1: Ball
3-1: Base on Balls
Armaan Ebrahim to second
Batting: RHB Alfredo Escalante 0-0: Called Strike
0-1: Called Strike
0-2: Strikes out swinging wild pitch, reaches first!
Jackson Curry scores
Armaan Ebrahim to third
Júlio Flores to second
Batting: LHB Divine Diablo 0-0: Ball
1-0: Ball
2-0: Swinging Strike
2-1: Swinging Strike
2-2: DOUBLE (Line Drive, 89XD)
Armaan Ebrahim scores
Júlio Flores scores
Alfredo Escalante to third
Runner from 3rd tries for Home, SAFE, no throw
Batting: RHB Dan Chrzan 0-0: Foul Ball, location: 2F
0-1: Ball
1-1: Called Strike
1-2: Foul Ball, location: 2F
1-2: Strikes out swinging
Top of the 5th over - 5 runs, 3 hits, 1 error, 1 left on base; Long Island 6 - Bethesda 8
BOTTOM OF THE 5TH
Bethesda Atoms batting - Pitching for Long Island Seawolves : RHP Fernando Júlio
Batting: RHB Renato Zuvic 0-0: Ground out 5-3 (Groundball, 56)
Batting: SHB Pedro Ortega 0-0: Called Strike
0-1: Foul Ball, location: 2F
0-2: Ball
1-2: Ball
2-2: Ground out 4-3 (Groundball, 4M)
Batting: RHB Raúl Francisco 0-0: Called Strike
0-1: Swinging Strike
0-2: Foul Ball, location: 2F
0-2: Foul Ball, location: 2F
0-2: Foul Ball, location: 2F
0-2: Strikes out swinging
Bottom of the 5th over - 0 runs, 0 hits, 0 errors, 0 left on base; Long Island 6 - Bethesda 8
TOP OF THE 6TH
Long Island Seawolves batting - Pitching for Bethesda Atoms : LHP Luqman Barcoo
Batting: SHB Alfredo Sánchez 0-0: Ball
1-0: Foul Ball, location: 2F
1-1: Fly out, F3 (Flyball, 3D)
Batting: RHB Bill Rinck 0-0: Foul Ball, location: 2F
0-1: SINGLE (Line Drive, 34)
Batting: LHB Jackson Curry 0-0: Called Strike
0-1: Swinging Strike
0-2: Strikes out swinging
Batting: RHB Louis Teague 0-0: Called Strike
0-1: Ball
1-1: Ball
2-1: Called Strike
2-2: Fly out, F8 (Flyball, 8LM)
Top of the 6th over - 0 runs, 1 hit, 0 errors, 1 left on base; Long Island 6 - Bethesda 8
BOTTOM OF THE 6TH
Bethesda Atoms batting - Pitching for Long Island Seawolves : RHP Fernando Júlio
Batting: RHB Tomás Gonzáles 0-0: Ball
1-0: Called Strike
1-1: Ball
2-1: Ground out 1-3 (Groundball, P)
Batting: LHB Jorge Ortíz 0-0: Called Strike
0-1: Ground out 4-3 (Groundball, 4)
Batting: LHB Ignacio Martínez 0-0: Ball
1-0: Ball
2-0: Reached on error, E6 (Groundball, 56)
Batting: LHB Arana Sashi 0-0: Ball
1-0: Ball
2-0: Ground out 6-3 (Groundball, 6S)
Bottom of the 6th over - 0 runs, 0 hits, 1 error, 1 left on base; Long Island 6 - Bethesda 8
TOP OF THE 7TH
Long Island Seawolves batting - Pitching for Bethesda Atoms : LHP Luqman Barcoo
Pitching: LHP Manuel Ceja
Batting: RHB Armaan Ebrahim 0-0: Foul Ball, location: 2F
0-1: SINGLE (Groundball, 6M) (infield hit)
Batting: RHB Júlio Flores 0-0: Swinging Strike
0-1: Sac Bunt - play at first, batter OUT! 1-3
Armaan Ebrahim to second
Batting: RHB Alfredo Escalante 0-0: Foul Ball, location: 2F
0-1: Ground out 5-3 (Groundball, 56)
Batting: LHB Divine Diablo 0-0: Called Strike
0-1: Called Strike
0-2: Ball
1-2: Hit by Pitch
Batting: RHB Dan Chrzan 0-0: Foul Ball, location: 2F
0-1: Foul Ball, location: 2F
0-2: Ball
1-2: Ball
2-2: Foul Ball, location: 2F
2-2: Foul Ball, location: 2F
2-2: SINGLE (Line Drive, 78M)
Armaan Ebrahim to third
Divine Diablo to second
Runner from 3rd tries for Home, SAFE, no throw
Batting: SHB Alfredo Sánchez 0-0: Foul Ball, location: 2F
0-1: Foul Ball, location: 2F
0-2: Ball
1-2: Ball
2-2: Fly out, F9 (Flyball, 9LDF)
Top of the 7th over - 1 run, 2 hits, 0 errors, 2 left on base; Long Island 7 - Bethesda 8
BOTTOM OF THE 7TH
Bethesda Atoms batting - Pitching for Long Island Seawolves : RHP Fernando Júlio
Batting: LHB Gong Mao 0-0: Ball
1-0: Called Strike
1-1: Ground out U3 (Groundball, 3S)
Batting: RHB José Leyva 0-0: Ball
1-0: Called Strike
1-1: Called Strike
1-2: Fly out, F7 (Flyball, 7)
Batting: RHB Renato Zuvic 0-0: Foul Ball, location: 2F
0-1: Foul Ball, location: 2F
0-2: Strikes out looking
Bottom of the 7th over - 0 runs, 0 hits, 0 errors, 0 left on base; Long Island 7 - Bethesda 8
TOP OF THE 8TH
Long Island Seawolves batting - Pitching for Bethesda Atoms : LHP Manuel Ceja
Now in CF: Manuel Márquez
Batting: RHB Bill Rinck 0-0: Called Strike
0-1: Ground out 4-3 (Groundball, 34)
Batting: LHB Jackson Curry 0-0: Foul Ball, location: 2F
0-1: Swinging Strike
0-2: Reached on error, E5 (Line Drive, 56S)
Pitching: RHP Vincent O'Higgin
Pinch Hitting: LHB Pedro Colón 0-0: Ball
1-0: Foul Ball, location: 2F
1-1: SINGLE (Flyball, 8RS)
Jackson Curry to second
Batting: RHB Armaan Ebrahim 0-0: Swinging Strike
0-1: Ground out 3-1 (Groundball, 34S)
Jackson Curry to third
Pedro Colón to second
Batting: RHB Júlio Flores 0-0: Called Strike
0-1: Foul Ball, location: 2F
0-2: Foul Ball, location: 2F
0-2: Ball
1-2: Ball
2-2: Ball
3-2: SINGLE (Flyball, 89S)
Jackson Curry scores
Pedro Colón to third
Pedro Colón scores
Batting: RHB Alfredo Escalante 0-0: Ball
Júlio Flores steals 2nd base
1-0: Foul Ball, location: 2F
1-1: Ball
2-1: 2-RUN HOME RUN (Flyball, 7LD), Distance : 342 ft
Pitching: LHP Dave Tonnochy
Batting: LHB Divine Diablo 0-0: Called Strike
0-1: Fly out, F8 (Flyball, 8LD)
Top of the 8th over - 4 runs, 3 hits, 1 error, 0 left on base; Long Island 11 - Bethesda 8
BOTTOM OF THE 8TH
Bethesda Atoms batting - Pitching for Long Island Seawolves : RHP Fernando Júlio
Now at 2B: Ricardo Pulido
Batting: SHB Pedro Ortega 0-0: Ball
1-0: Ball
2-0: Ball
3-0: Called Strike
3-1: Fly out, F8 (Flyball, 8LD)
Batting: RHB Raúl Francisco 0-0: Ball
1-0: Swinging Strike
1-1: Ball
2-1: SINGLE (Line Drive, 56D)
Pitching: RHP Henri Paravicini
Batting: RHB Tomás Gonzáles 0-0: Ball
1-0: Foul Ball, location: 2F
1-1: Called Strike
1-2: Foul Ball, location: 2F
1-2: Strikes out swinging
Batting: LHB Jorge Ortíz 0-0: Foul Ball, location: 2F
0-1: Ball
1-1: Ball
2-1: Fielders Choice at 2nd, 6-4 (Groundball, 56)
Bottom of the 8th over - 0 runs, 1 hit, 0 errors, 1 left on base; Long Island 11 - Bethesda 8
TOP OF THE 9TH
Long Island Seawolves batting - Pitching for Bethesda Atoms : LHP Dave Tonnochy
Pitching: RHP Elias Ijzendoorn
Batting: RHB Dan Chrzan 0-0: Called Strike
0-1: Ground out 5-3 (Groundball, 56S)
Batting: SHB Alfredo Sánchez 0-0: Foul Ball, location: 2F
0-1: Ball
1-1: Foul Ball, location: 2F
1-2: Fly out, F6 (Line Drive, 6)
Batting: RHB Bill Rinck 0-0: Ball
1-0: Ball
2-0: SINGLE (Groundball, 6M) (infield hit)
Batting: LHB Jackson Curry 0-0: SINGLE (Flyball, 9S)
Bill Rinck to second
Runner from 2nd tries for 3rd, OUT!
Top of the 9th over - 0 runs, 2 hits, 0 errors, 1 left on base; Long Island 11 - Bethesda 8
BOTTOM OF THE 9TH
Bethesda Atoms batting - Pitching for Long Island Seawolves : RHP Henri Paravicini
Pitching: RHP Vinny Mariani
Batting: LHB Ignacio Martínez 0-0: Ball
1-0: Foul Ball, location: 2F
1-1: Fly out, F8 (Line Drive, 78D)
Batting: LHB Arana Sashi 0-0: Called Strike
0-1: Swinging Strike
0-2: Ball
1-2: Ball
2-2: Strikes out swinging
Batting: LHB Manuel Márquez 0-0: Called Strike
0-1: Foul Ball, location: 2F
0-2: Ground out 1-3 (Groundball, P)
Bottom of the 9th over - 0 runs, 0 hits, 0 errors, 0 left on base; Long Island 11 - Bethesda 8
Saturday, December 22nd, 2018 - OOTP Baseball 18.8 Build 76